 Dungeon Crawl Stone Soup version 0.29-a0-821-g66395355a5 (webtiles) character file.

Game seed: 13968330125474439685

106050 jimonade the Eclecticist (level 16, -2/172 HPs)
             Began as a Djinni Ice Elementalist on June 9, 2022.
             Was the Champion of Makhleb.
             Slain by a +0 vorpal trident (illusionary) (5 damage)
             ... in a wizard's laboratory on July 7, 2022.
             The game lasted 03:13:11 (29952 turns).

jimonade the Eclecticist (Djinni Ice Elementalist) Turns: 29952, Time: 03:13:12

Health: -2/172     AC: 27    Str: 11    XL:     16   Next: 97%
Gold:   2335       EV: 18    Int: 17    God:    Makhleb [******] SH:  6 Dex: 18

rFire   + + .      SeeInvis .   u - +2 demon blade (vamp)
rCold   . . .      Faith    .   z - +1 buckler {AC+3}
rNeg    . . .      Spirit   .   Q - +4 troll leather armour
rPois   ∞          Reflect  .   L - +2 helmet
rElec   .          Harm     .   M - +1 cloak {Will+}
rCorr   .          Rampage  .   U - +0 pair of gloves
Will    ++...                   (boots unavailable)
Stlth   ..........              g - amulet of the acrobat
HPRegen 1.18/turn               S - ring of protection from cold
MPRegen 0.00/turn               F - +4 ring of evasion

@: berserking, ice-armoured, flying, studying Armour, very quick
A: sickness immunity, fire resistance 2, cold vulnerability 1, float, innate
caster, HP casting, extra vitality 1
a: Renounce Religion, Minor Destruction, Lesser Servant of Makhleb, Major
Destruction, Greater Servant of Makhleb


You were in a wizard's laboratory.
You worshipped Makhleb.
Makhleb was exalted by your worship.
You visited 4 branches of the dungeon, and saw 22 of its levels.
You also visited: Gauntlet and Wizlab.

You collected 3608 gold pieces.
You spent 1273 gold pieces at shops.

Inventory:

Hand Weapons
 k - a +5 spear of venom
 u - a +2 vampiric demon blade (weapon)
Missiles
 B - 3 throwing nets
Armour
 e - a +1 ring mail of cold resistance
 z - a +1 buckler of protection (worn)
 L - a +2 helmet (worn)
 M - a +1 cloak of willpower (worn)
 Q - a +4 troll leather armour (worn)
 U - a +0 pair of gloves (worn)
Magical Staves
 K - a staff of death
 P - a staff of poison
Jewellery
 c - a ring of wizardry
 g - an amulet of the acrobat (around neck)
 i - a ring of wizardry
 j - a +6 ring of intelligence
 n - a ring of protection from fire
 v - the brooch of Shielding {Spirit SH+8}
   (You found it on level 4 of the Lair of Beasts)

   [amulet of guardian spirit]

   It causes incoming damage to be divided between your reserves of health and
   magic.
   SH:        It affects your SH (+8).
 x - the amulet of the Lily {Faith rElec}
   (You found it on level 5 of the Lair of Beasts)

   [amulet of faith]

   It allows you to gain divine favour quickly.
   rElec:     It insulates you from electricity.
 F - a +4 ring of evasion (right hand)
 G - a ring of willpower
 J - a +4 ring of protection
 S - a ring of protection from cold (left hand)
Wands
 f - a wand of quicksilver (14)
 s - a wand of iceblast (4)
 R - a wand of digging (12)
 X - a wand of mindburst (13)
 Y - a wand of charming (13)
Scrolls
 a - 2 scrolls of brand weapon
 l - 9 scrolls of teleportation
 p - 2 scrolls of poison
 w - 3 scrolls of summoning
 A - 2 scrolls of blinking
 C - a scroll of fog
 O - 7 scrolls of identify
 Z - 3 scrolls of fear
Potions
 b - 2 potions of ambrosia
 h - 10 potions of brilliance
 m - 3 potions of invisibility
 o - 2 potions of cancellation
 D - 3 potions of resistance
 E - 10 potions of curing
 I - 6 potions of attraction {unknown}
 N - 2 potions of haste {unknown}
 V - 2 potions of might {unknown}
Miscellaneous
 t - a lightning rod (4/4)


   Skills:
 * Level 10.8 Fighting
 * Level 7.2 Long Blades
 - Level 0.2 Axes
 + Level 4.7 Armour
 + Level 6.2 Dodging
 - Level 1.5 Stealth
 + Level 3.2 Shields
 * Level 19.1 Spellcasting


You had 17 spell levels left.
You knew the following spells:

 Your Spells              Type           Power      Damage    Failure   Level
a - Freeze                Ice            100%       1d11      0%          1
b - Frozen Ramparts       Ice            100%       1d12      0%          3
c - Ozocubu's Armour      Ice            69%        N/A       0%          3
d - Hailstorm             Conj/Ice       69%        3d14      1%          4
e - Apportation           Tloc           100%       N/A       0%          1
f - Passwall              Tmut/Erth      57%        N/A       0%          2
g - Ignite Poison         Fire/Tmut/Pois 69%        N/A       0%          3
h - Inner Flame           Hex/Fire       69%        N/A       0%          3
i - Alistair's Intoxicat  Tmut/Pois      46%        N/A       1%          5
j - Fireball              Conj/Fire      34%        3d14      1%          5
k - Dispersal             Tloc           34%        N/A       1%          6
Your spell library was empty.

Dungeon Overview and Level Annotations

Branches:
Dungeon (12/15)            Temple (0/1) D:7            Lair (6/6) D:11
  Swamp (0/4) Lair:2        Snake (0/4) Lair:2        Slime (0/5) Lair:6
    Orc (2/2) D:12            Elf (2/3) Orc:2        WizLab (1/1)
Gauntlet (visited)

Altars:
Ashenzari
Cheibriados
Dithmenos
Fedhas
Hepliaklqana
Makhleb
Nemelex Xobeh
Ru
Trog
Wu Jian
Xom
Yredelemnul
The Shining One
Jiyva

Shops:
D:3 [   D:4 *   D:7 [   D:8 (*[=?=   Orc:2 ((:*   Elf:1 *

Annotations:
D:1 exclusion: 2 downstairs
D:3 exclusion: downstairs
D:10 3 runed translucent doors, exclusion: ice statue, zhov's ghost, journeyman FoHu


Innate Abilities, Weirdness & Mutations

You are immune to sickness and miasma.
You are immune to poison.
Your flesh is very heat resistant. (rF++)
You are vulnerable to cold. (rC-)
You float through the air rather than walking.
You learn spells naturally, not from books.
Your magical power is your life essence.
You have superior vitality. (+4 MHP)


Message History

The +0 vorpal trident hits you! You block the rakshasa's attack.
The rakshasa blinks!
The +0 vorpal trident hits you but does no damage.
You closely miss the rakshasa.
The rakshasa is severely wounded.
The +0 vorpal trident hits you but does no damage.
The +0 vorpal trident misses you.
The +0 vorpal trident hits you but does no damage.
The rakshasa completely misses you.
You block the +0 vorpal trident's attack.
The +0 vorpal trident closely misses you.
The +0 vorpal trident hits you.
* * * LOW HITPOINT WARNING * * *
A red film seems to cover your vision as you go berserk!
You feel yourself moving faster!
You feel mighty!
The +0 vorpal trident hits you from afar!
* * * LOW HITPOINT WARNING * * *
x2 You block the +0 vorpal trident's attack.
The +0 vorpal trident closely misses you.
The rakshasa misses you. The rakshasa barely misses you.
You closely miss the rakshasa.
The rakshasa is severely wounded.
The +0 vorpal trident hits you but does no damage.
You block the +0 vorpal trident's attack.
The +0 vorpal trident closely misses you.
The rakshasa hits you from afar with a +0 trident!
* * * LOW HITPOINT WARNING * * *
The rakshasa completely misses you.
The +0 vorpal trident hits you from afar!
* * * LOW HITPOINT WARNING * * *
x2 The +0 vorpal trident hits you!
* * * LOW HITPOINT WARNING * * *
x2 You block the +0 vorpal trident's attack.
You slash the rakshasa!
The rakshasa is severely wounded.
The +0 vorpal trident hits you but does no damage. x2
You slash the rakshasa!
The rakshasa is almost dead.
The +0 vorpal trident hits you.
You die...

##### #####
######∩.∩######
##...#...#...##
##..)..........##
##R.###)....###..#
#''#####...#####++#
#.@R# ###'### ...#
##((# #...# #..##
#(.###.....# #..#
#...###.....###...
##...###.....###...#
##...###..⌠..###...#
##...###.....##
##...##


You could see 2 rakshasas and 3 dancing weapons.

Vanquished Creatures
  Gastronok (Orc:1)
  An orc warlord (Orc:1)
  A dire elephant (Gauntlet)
  A minotaur (Gauntlet)
  A deep elf death mage (Elf:1)
  A fire dragon (Lair:3)
  A rakshasa (WizLab)
  3 hydras
  3 boulder beetles
  2 ogre magi (Orc:2)
  5 catoblepae
  12 two-headed ogres
  7 dancing weapons
  18 death yaks
  A tengu warrior (D:9)
  3 deep elf knights
  2 orc high priests
  A fire crab (Gauntlet)
  3 skeletal warriors (D:11)
  2 deep trolls (Orc:2)
  2 bog bodies (Lair:2)
  A lindwurm (Lair:5)
  3 necromancers (Elf:1)
  Pikel (D:4)
  An ugly thing (D:11)
  13 deep elf pyromancers
  3 deep elf zephyrmancers (Elf:1)
  6 oklob plants
  2 manticores (Lair:6)
  An orc sorcerer (Elf:1)
  2 large abominations (Elf:1)
  6 cyclopes
  20 elephants
  3 black mambas
  2 gargoyles (D:12)
  2 torpor snails (Lair:6)
  Psyche (D:8)
  7 komodo dragons
  4 rime drakes
  13 cane toads
  A kobold demonologist (D:11)
  14 trolls
  2 polar bears
  2 hornets (D:8)
  12 blink frogs
  6 dream sheep (Lair:6)
  4 shadows
  A vampire (D:12)
  5 wyverns
  2 fire elementals
  3 water elementals (Elf:1)
  2 wraiths
  61 yaks
  3 fire bats (Gauntlet)
  A human (shapeshifter) (Elf:1)
  A steam dragon (D:9)
  2 basilisks
  3 wargs
  4 vampire mosquitoes (D:12)
  2 nagas (Lair:2)
  4 acid dragons
  15 water moccasins
  27 orc warriors
  2 ice beasts (D:6)
  2 sky beasts (D:8)
  A black bear (D:8)
  22 ogres
  6 wolves (Lair:6)
  9 centaurs
  3 lemures
  3 elf zombies (Elf:1)
  2 phantoms
  5 kobold brigands
  A necrophage (D:8)
  2 gnoll sergeants
  9 bullfrogs
  4 scorpions
  9 wights
  14 killer bees
  An electric eel (D:8)
  2 howler monkeys
  2 jellies
  Crazy Yiuf (D:4)
  18 orc priests
  2 hounds (D:5)
  3 gnoll boudas
  2 iguanas
  23 orc wizards
  30 gnolls
  9 adders
  A shadow imp (D:8)
  3 white imps (D:7)
  An ufetubus (D:6)
  3 worms
  4 dart slugs
  87 orcs
  6 ball pythons
  6 bats
  4 endoplasms
  6 giant cockroaches
  12 goblins
  8 hobgoblins
  4 jackals
  22 kobolds
  4 quokkas
  8 frilled lizards
  2 rats
  4 bushes
711 creatures vanquished.

Vanquished Creatures (others)
  A deep elf pyromancer (Elf:1)
  2 bushes (Lair:5)
  13 fungi
  85 plants
  6 withered plants (D:10)
107 creatures vanquished.

Grand Total: 818 creatures vanquished

Notes
Turn   | Place    | Note
-------+----------+-------------------------------------------
     0 | D:1      | jimonade the Djinni Ice Elementalist began the quest for
                  | the Orb.
     0 | D:1      | Reached XP level 1. HP: 15/15 MP: 0/0
   178 | D:1      | Reached XP level 2. HP: 19/21 MP: 0/0
   587 | D:1      | Reached XP level 3. HP: 25/26 MP: 0/0
   587 | D:1      | Learned a level 1 spell: Apportation
   813 | D:1      | Reached skill level 4 in Spellcasting
  1562 | D:2      | Reached XP level 4. HP: 30/31 MP: 0/0
  1618 | D:2      | Reached skill level 1 in Fighting
  1788 | D:2      | Reached XP level 5. HP: 20/37 MP: 0/0
  1788 | D:2      | Learned a level 2 spell: Passwall
  2760 | D:3      | Reached skill level 5 in Spellcasting
  2944 | D:3      | Found a basalt altar of Yredelemnul.
  3023 | D:3      | Found Wewkease's Armour Emporium.
  3211 | D:3      | Reached XP level 6. HP: 36/42 MP: 0/0
  3933 | D:4      | Noticed Pikel
  4152 | D:3      | Upgraded the game from 0.29-a0-557-g43b9904bd1 to
                  | 0.29-a0-817-g9904bce7a6
  4974 | D:4      | Found Duafiel's General Store.
  4990 | D:4      | Killed Pikel
  4991 | D:4      | Reached skill level 6 in Spellcasting
  4991 | D:4      | Reached XP level 7. HP: 18/49 MP: 0/0
  4991 | D:4      | Learned a level 3 spell: Ignite Poison
  4991 | D:4      | Reached XP level 8. HP: 20/55 MP: 0/0
  5220 | D:4      | Found a runed translucent door.
  5221 | D:4      | Noticed Crazy Yiuf
  5757 | D:4      | Killed Crazy Yiuf
  5758 | D:4      | Reached skill level 7 in Spellcasting
  5933 | D:5      | Entered Level 5 of the Dungeon
  6432 | D:5      | Found a shimmering altar of Xom.
  6910 | D:6      | Reached skill level 8 in Spellcasting
  7147 | D:6      | Found a hazy altar of Hepliaklqana.
  7289 | D:6      | Found a snail-covered altar of Cheibriados.
  7291 | D:6      | Found a burning altar of Makhleb.
  7293 | D:6      | Found an ornate altar of the Wu Jian Council.
  7422 | D:6      | Became a worshipper of Makhleb the Destroyer
  7599 | D:6      | Reached XP level 9. HP: 52/60 MP: 0/0
  7599 | D:6      | Learned a level 3 spell: Inner Flame
  7768 | D:6      | Reached skill level 1 in Armour
  8483 | D:7      | Reached skill level 9 in Spellcasting
  9123 | D:7      | Found Cheibriados's Comfort Zone.
  9124 | D:7      | Found a snail-covered altar of Cheibriados.
  9131 | D:7      | Found a broken altar of Ashenzari.
  9276 | D:7      | Found a staircase to the Ecumenical Temple.
  9735 | D:7      | Reached * piety under Makhleb
 10182 | D:8      | Noticed a hornet
 10186 | D:8      | Killed a hornet
 10427 | D:8      | Reached XP level 10. HP: 41/68 MP: 0/0
 10643 | D:8      | Reached skill level 10 in Spellcasting
 10647 | D:8      | Noticed a two-headed ogre
 10651 | D:8      | Noticed Psyche
 10918 | D:8      | Killed Psyche
 11048 | D:8      | Killed a two-headed ogre
 11468 | D:8      | Noticed a cyclops
 11480 | D:8      | Killed a cyclops
 11481 | D:8      | Reached skill level 5 in Fighting
 11489 | D:8      | Reached skill level 11 in Spellcasting
 11997 | D:8      | Found a sparkling altar of Nemelex Xobeh.
 12175 | D:8      | Reached ** piety under Makhleb
 12176 | D:8      | Reached XP level 11. HP: 66/76 MP: 0/0
 12176 | D:8      | Learned a level 5 spell: Alistair's Intoxication
 12287 | D:8      | Found Felosyw's Weapon Emporium.
 12287 | D:8      | Found Ompimole's General Store.
 12289 | D:8      | Found Ejioca's Antique Armour Shoppe.
 12289 | D:8      | Found Luroi's Jewellery Boutique.
 12291 | D:8      | Found Hoer's Magic Scroll Emporium.
 12291 | D:8      | Found Jakh's Jewellery Shop.
 12727 | D:8      | Identified 2 scrolls of acquirement
 12727 | D:8      | Acquired a +1 demon blade of electrocution
 12732 | D:8      | Acquired 1030 gold pieces
 12910 | D:8      | Bought a scroll of acquirement for 728 gold pieces
 12910 | D:8      | Bought a scroll of identify for 28 gold pieces
 12910 | D:8      | Acquired an amulet of the acrobat
 12919 | D:8      | Bought a scroll of identify for 28 gold pieces
 12919 | D:8      | Bought a scroll of identify for 28 gold pieces
 12919 | D:8      | Bought a scroll of identify for 28 gold pieces
 12919 | D:8      | Bought a scroll of identify for 28 gold pieces
 12982 | D:9      | Found a shadowy altar of Dithmenos.
 13335 | D:9      | Noticed a tengu warrior
 13512 | D:9      | Noticed a two-headed ogre
 13517 | D:9      | Killed a two-headed ogre
 13518 | D:9      | Reached skill level 12 in Spellcasting
 13528 | D:9      | Killed a tengu warrior
 13529 | D:9      | Reached skill level 1 in Long Blades
 13916 | D:9      | Found a sacrificial altar of Ru.
 14137 | D:9      | Noticed a two-headed ogre
 14162 | D:9      | Reached skill level 1 in Shields
 14174 | D:9      | Killed a two-headed ogre
 14297 | D:9      | Noticed a two-headed ogre
 14368 | D:9      | Killed a two-headed ogre
 14951 | D:10     | Entered Level 10 of the Dungeon
 14965 | D:10     | Reached XP level 12. HP: 75/84 MP: 0/0
 15105 | D:10     | Reached *** piety under Makhleb
 15629 | D:10     | Found a runed translucent gate.
 15629 | D:10     | Found a runed translucent gate.
 15629 | D:10     | Found a runed translucent gate.
 15631 | D:10     | Noticed zhov's ghost (journeyman FoHu)
 16114 | D:10     | Found a glowing golden altar of the Shining One.
 16115 | D:10     | Found a blossoming altar of Fedhas.
 16575 | D:11     | Reached skill level 13 in Spellcasting
 17506 | D:11     | Noticed a skeletal warrior
 17506 | D:11     | Noticed a skeletal warrior
 17506 | D:11     | Noticed a skeletal warrior
 17556 | D:11     | Killed a skeletal warrior
 17556 | D:11     | Killed a skeletal warrior
 17556 | D:11     | Killed a skeletal warrior
 18087 | D:11     | Found a staircase to the Lair.
 18147 | D:12     | Noticed a boulder beetle
 18204 | Lair:1   | Entered Level 1 of the Lair of Beasts
 19198 | Lair:2   | Found a staircase to the Snake Pit.
 19434 | Lair:2   | Found a bloodstained altar of Trog.
 19489 | Lair:2   | Reached **** piety under Makhleb
 19490 | Lair:2   | Reached XP level 13. HP: 81/90 MP: 0/0
 19490 | Lair:2   | Learned a level 5 spell: Fireball
 19581 | Lair:2   | Noticed an eight-headed hydra
 19585 | Lair:2   | Killed an eight-headed hydra
 19586 | Lair:2   | Reached skill level 14 in Spellcasting
 19710 | Lair:2   | Found a staircase to the Swamp.
 20317 | Lair:3   | Noticed a five-headed hydra
 20321 | Lair:3   | Killed a five-headed hydra
 20389 | Lair:3   | Noticed a fire dragon
 20552 | Lair:3   | Found a blossoming altar of Fedhas.
 20879 | Lair:3   | Killed a fire dragon
 21008 | Lair:4   | Noticed a catoblepas
 21026 | Lair:4   | Killed a catoblepas
 21085 | Lair:4   | Found a gate leading to a gauntlet.
 21093 | Gauntlet | Entered a Gauntlet
 21093 | Gauntlet | Found a transporter.
 21093 | Gauntlet | Found a transporter.
 21094 | Gauntlet | Found a transporter.
 21097 | Gauntlet | Found a transporter.
 21097 | Gauntlet | Found a transporter.
 21107 | Gauntlet | Found a transporter.
 21111 | Gauntlet | Found a transporter.
 21119 | Gauntlet | Found a transporter.
 21119 | Gauntlet | Found a transporter.
 21119 | Gauntlet | Noticed a ghost crab
 21120 | Gauntlet | Noticed a dire elephant
 21121 | Gauntlet | Found a transporter.
 21130 | Gauntlet | Found a transporter.
 21168 | Gauntlet | Found a transporter.
 21328 | Gauntlet | Upgraded the game from 0.29-a0-817-g9904bce7a6 to
                  | 0.29-a0-819-g94b489e0ae
 21340 | Gauntlet | Reached skill level 15 in Spellcasting
 21500 | Gauntlet | Killed a dire elephant
 21512 | Gauntlet | Identified the +0 pair of gloves "Nulevar" {Rampage *Slow
                  | rElec Regen+}
 21520 | Gauntlet | Noticed a minotaur
 21553 | Gauntlet | Killed a minotaur
 21656 | Gauntlet | Identified the +6 short sword "Daqeaxzo" {flame, *Corrode
                  | Will+ Str+4}
 21719 | Lair:4   | Reached skill level 5 in Dodging
 22009 | Lair:4   | Found the brooch of Shielding {Spirit SH+8}
 22065 | Lair:4   | Reached XP level 14. HP: 74/99 MP: 0/0
 22686 | Lair:5   | Reached ***** piety under Makhleb
 22736 | Lair:5   | Reached skill level 16 in Spellcasting
 23137 | Lair:5   | Identified the amulet of the Lily {Faith rElec}
 24122 | Lair:6   | Entered Level 6 of the Lair of Beasts
 24258 | Lair:5   | Reached skill level 5 in Long Blades
 24543 | Lair:6   | Reached XP level 15. HP: 102/106 MP: 0/0
 24543 | Lair:6   | Learned a level 6 spell: Dispersal
 24744 | Lair:6   | Reached skill level 17 in Spellcasting
 25211 | Lair:6   | Found a viscous altar of Jiyva.
 25285 | Lair:6   | Found a staircase to the Slime Pits.
 25459 | Lair:6   | Reached skill level 10 in Fighting
 25575 | Lair:6   | Reached ****** piety under Makhleb
 25859 | Lair:6   | Upgraded the game from 0.29-a0-819-g94b489e0ae to
                  | 0.29-a0-821-g66395355a5
 26751 | D:12     | Found a staircase to the Orcish Mines.
 26772 | Orc:1    | Entered Level 1 of the Orcish Mines
 26986 | Orc:1    | Noticed Gastronok
 26998 | Orc:1    | Killed Gastronok
 27361 | Orc:2    | Entered Level 2 of the Orcish Mines
 27364 | Orc:2    | Reached XP level 16. HP: 112/114 MP: 0/0
 27393 | Orc:1    | Reached skill level 18 in Spellcasting
 27659 | Orc:2    | Found Qoatehuec's Antique Weapon Shop.
 27662 | Orc:2    | Found Ceack's Antique Weapon Shop.
 27665 | Orc:2    | Found Bint's Book Emporium.
 27674 | Orc:2    | Found Haavan's General Store.
 27780 | Orc:2    | Bought a scroll of teleportation for 45 gold pieces
 27780 | Orc:2    | Bought a scroll of teleportation for 45 gold pieces
 28035 | Orc:2    | Found a staircase to the Elven Halls.
 28366 | Elf:1    | Entered Level 1 of the Elven Halls
 28936 | Elf:1    | Reached skill level 19 in Spellcasting
 29057 | Elf:1    | Found Ixaibu Ygiurph's Assorted Antiques.
 29487 | Elf:1    | Bought a scroll of teleportation for 105 gold pieces
 29487 | Elf:1    | Bought a scroll of teleportation for 105 gold pieces
 29487 | Elf:1    | Bought a scroll of teleportation for 105 gold pieces
 29774 | Elf:2    | Found a magical portal.
 29779 | WizLab   | Entered Tukima's Studio
 29950 | WizLab   | HP: 3/172 [+0 vorpal trident (illusionary) (9)]
 29950 | WizLab   | HP: 1/172 [+0 vorpal trident (illusionary) (2)]
 29952 | WizLab   | Slain by a +0 vorpal trident (illusionary)

Illustrated notes

Levels and vault maps discovered:
D:1:      onia_arrival_pyramid, layout_loops_ring,
          wander_ebering_terrifying_dragon_lair
D:2:      layout_basic, minmay_misc_feat_rugged
D:3:      minmay_general_purpose_star, layout_basic, lemuel_crystal_altar,
          serial_shops, nicolae_diamond_shop
D:4:      layout_cave_pods, serial_shops, shop, uniq_crazy_yiuf_cottage,
          uniq_pikel
D:5:      layout_rooms, tgw_xom
D:6:      layout_layer_cave, minitemple, lemuel_doored_altar
D:7:      layout_basic, mainiacjoe_overflow_catwalk,
          minmay_temple_entry_from_below_b, minmay_shop_chei,
          reono_crystal_passage
D:8:      nzn_winding_woodlands_three_and_one
          [nzn_winding_woodlands_5x15_parted, nzn_winding_woodlands_5x15_pool,
          nzn_winding_woodlands_5x15_garden,
          nzn_winding_woodlands_center_garden], layout_loops_cross,
          lemuel_crystal_altar, chequers_mini_garden, chequers_decorated_corner,
          nicolae_wooded_promenade, uniq_psyche
D:9:      layout_loops_ring, grunt_dithmenos_smoke,
          nicolae_ru_great_annihilating_truth, grunt_ministairs_11,
          onia_ninara_cookie
D:10:     minmay_statue_hallways, layout_layer_cave, kiku_gazebo_garden_becter,
          nicolae_overflow_two_pavilions, ebering_ghost_rock_garden
D:11:     layout_rooms, lair_entry_dummy
D:12:     layout_rooms, hiddenorc1_lemuel, nicolae_sextant
Lair:1:   layout_cave_pods, infiniplex_staircase_pool_2
Lair:2:   layout_loops_ring, skrybe_swamp_entry_bodies,
          guppyfry_snake_entry_garden, basic_altar
Lair:3:   dragon1_lemuel, layout_hall_layers, hangedman_tree_tricks,
          minivault_26
Lair:4:   layout_roguey, gauntlet_entry_generic, grunt_megastairs_4
Lair:5:   layout_layer_cave, nicolae_lair_grazing_beasts
          [nicolae_sub_lair_graze_edge, nicolae_sub_lair_graze_edge,
          nicolae_sub_lair_graze_edge, nicolae_sub_lair_graze_edge],
          lemuel_fruit_fields, grunt_megastairs_1
Lair:6:   evilmike_catoblepas_cave, layout_gridlike,
          minmay_slime_entry_oklob_enclosed
Orc:1:    layout_caves, hellmonk_bongcloud_opening, kennysheep_orc_sif_temple,
          uniq_gastronok
Orc:2:    st_orc_open, layout_caves
Elf:1:    nicolae_elf_arrival_fired_up, layout_geoelf_octagon, serial_shops,
          nicolae_shop_overgrown_old_shop, minmay_elf_necromancy
Elf:2:    nicolae_elf_blades_splatter_lattice [nooodl_blade_entry_preview],
          layout_geoelf_octagon, infiniplex_enter_wizlab_spiral
WizLab:   wizlab_tukima

Skill      XL: |  1  2  3  4  5  6  7  8  9 10 11 12 13 14 15 16 |
---------------+-------------------------------------------------+-----
Spellcasting   | 4 5 6 8 9 11 12 13 15 16 17 19 | 19.1
Fighting       | 1 2 3 4 5 6 7 8 9 10 | 10.8
Armour         | 2 3 4 |  4.7
Dodging        | 3 4 5 6 |  6.2
Long Blades    | 2 3 5 6 7 |  7.2
Shields        | 1 2 3 |  3.2
Axes           | |  0.2
Stealth        | |  1.5

Action                   |  1- 3 |  4- 6 |  7- 9 | 10-12 | 13-15 | 16-18 || total
-------------------------+-------+-------+-------+-------+-------+-------++-------
Melee: Unarmed           |     1 |       |       |       |       |       ||     1
       Dagger            |     3 |    13 |       |       |       |       ||    16
       War axe           |       |     3 |   146 |    36 |       |       ||   185
       Punch             |       |       |     2 |       |       |       ||     2
       Demon blade       |       |       |       |    86 |    79 |   153 ||   318
 Cast: Freeze            |    38 |    80 |     3 |     3 |    25 |     4 ||   153
       Frozen Ramparts   |     2 |    14 |    30 |    80 |    25 |     7 ||   158
       Ozocubu's Armour  |     1 |     6 |    27 |    65 |    16 |    13 ||   128
       Ignite Poison     |       |       |     6 |     3 |       |       ||     9
       Inner Flame       |       |       |     6 |    90 |   251 |    96 ||   443
       Alistair's Intoxi |       |       |       |     1 |    12 |    34 ||    47
       Fireball          |       |       |       |       |   220 |    80 ||   300
       Hailstorm         |       |       |       |       |     1 |       ||     1
       Dispersal         |       |       |       |       |       |     6 ||     6
  Use: Scroll            |       |     3 |       |    28 |    11 |     1 ||    43
       Potion            |       |       |       |     1 |     4 |     3 ||     8
 Stab: Sleeping          |       |       |       |     2 |       |       ||     2
       Paralysed         |       |       |       |     1 |       |       ||     1
Armor: Robe              |    10 |    18 |     4 |       |       |       ||    32
       Leather armour    |       |       |    55 |    88 |       |       ||   143
       Troll leather arm |       |       |       |    15 |   107 |   140 ||   262
Dodge: Dodged            |    20 |    58 |   152 |   222 |   159 |   122 ||   733
Block: Kite shield       |       |       |       |    47 |       |       ||    47
       Buckler           |       |       |       |    31 |    48 |    69 ||   148

Table legend: (Time is in decaauts)
 A = Elapsed time spent in this place.
 B = Non-inter-level travel time spent in this place.
 C = Inter-level travel time spent in this place.
 D = Time resting spent in this place.
 E = Time spent auto-exploring this place.
 F = Levels seen in this place.
 G = Mean time per level.
                   A        B        C        D        E       F      G
               +--------+--------+--------+--------+--------+-----+--------+
         Total |  30111 |  28473 |   1638 |   3907 |  17247 |  24 | 1254.6 |
       Dungeon |  19099 |  18006 |   1093 |   3075 |  11018 |  12 | 1591.6 |
          Lair |   7264 |   6836 |    428 |    511 |   4548 |   6 | 1210.7 |
  Orcish Mines |   1594 |   1552 |     42 |    105 |   1004 |   2 |  797.0 |
   Elven Halls |   1415 |   1341 |     74 |    124 |    677 |   2 |  707.5 |
        Wizlab |    171 |    171 |      0 |     52 |      0 |   1 |  171.0 |
      Gauntlet |    565 |    565 |      0 |     40 |      0 |   1 |  565.0 |
               +--------+--------+--------+--------+--------+-----+--------+

Top non-repeatable levels by time:
     D:8: 2768 daAuts
    D:10: 2194 daAuts
     D:7: 2044 daAuts
     D:9: 1894 daAuts
     D:4: 1785 daAuts
     D:6: 1646 daAuts
  Lair:5: 1613 daAuts
     D:1: 1540 daAuts
     D:3: 1472 daAuts
  Lair:6: 1407 daAuts
  Lair:4: 1398 daAuts
   Elf:1: 1215 daAuts
    D:11: 1212 daAuts
     D:2: 1136 daAuts
  Lair:2: 1055 daAuts
